 Dungeon Crawl Stone Soup version 0.24.0-13-gcf9b319 (webtiles) character file.

Game seed: 7808612594240365866, levelgen mode: deterministic

62 Fang the Skirmisher (level 4, -5/29 HPs)
             Began as a Gargoyle Fighter on Jan 2, 2020.
             Slain by Sigmund
             ... wielding a +0 scythe
              (8 damage)
             ... on level 2 of the Dungeon.
             The game lasted 00:02:45 (1087 turns).

Fang the Skirmisher (Gargoyle Fighter)              Turns: 1087, Time: 00:02:45

Health: -5/29      AC: 10    Str: 20    XL:     4   Next: 8%
Magic:  4/4        EV:  7    Int:  9    God:
Gold:   123        SH:  0    Dex:  9    Spells: 3/3 levels left

rFire    . . .     SeeInvis .   a - +0 war axe
rCold    . . .     Gourm    .   c - +0 shield
rNeg     + + .     Faith    .   b - +0 scale mail
rPois    ∞         Spirit   .   (no helmet)
rElec    +         Reflect  .   (no cloak)
rCorr    .         Harm     .   (no gloves)
MR       .....                  (no boots)
Stlth    ..........             (no amulet)
HPRegen  0.09/turn              m - ring of positive energy
MPRegen  0.09/turn              (no ring)

@: confused
A: negative energy resistance 1, electricity resistance, unbreathing,
petrification resistance, rot immunity, AC +3
a: no special abilities


You were on level 2 of the Dungeon.
You were not hungry.

You visited 1 branch of the dungeon, and saw 2 of its levels.

You collected 123 gold pieces.

Inventory:

Hand Weapons
 a - a +0 war axe (weapon)
Armour
 b - a +0 scale mail (worn)
 c - a +0 shield (worn)
Jewellery
 m - a ring of positive energy (left hand)
 s - an uncursed amulet of magic regeneration {unknown}
Scrolls
 e - a scroll of identify {unknown}
 j - a scroll of magic mapping {unknown}
 k - a scroll of teleportation {unknown}
 n - 3 scrolls of remove curse {unknown}
 o - a scroll of fog {unknown}
 q - a scroll of enchant armour {unknown}
Potions
 d - 6 potions of might
 h - a potion of invisibility {unknown}
 i - 2 potions of cancellation {unknown}
 l - 3 potions of haste {unknown}
 p - 2 potions of mutation {unknown}
 r - 3 potions of curing {unknown}
 t - a potion of lignification {unknown}
Comestibles
 f - 7 rations
 g - 3 chunks of flesh


   Skills:
 + Level 3.9 Fighting
 + Level 2.4 Axes
 + Level 3.8 Armour
 + Level 3.8 Shields


You had 3 spell levels left.
You didn't know any spells.
Your spell library was empty.

Dungeon Overview and Level Annotations

Branches:
Dungeon (2/15)

Altars:

Annotations:
D:2 Sigmund


Innate Abilities, Weirdness & Mutations

You are resistant to torment.
Your stone body is resilient. (AC +3)
You are immune to poison.
You resist negative energy. (rN+)
You are resistant to electric shocks. (rElec)
You can survive without breathing.
You are immune to petrification.
You are immune to rotting.


Message History

There is an open door here.
You close the door.
You start resting.
Something unseen opens the door.
Something hits you.
* * * LOW HITPOINT WARNING * * *
There is a strange disturbance nearby!
There is a strange disturbance nearby!
You are confused.
You bump into the rock wall.
You are more confused.
You bump into the rock wall.
A magic dart appears from out of thin air!
The magic dart hits you but does no damage.
You're too confused to move!
You bump into the rock wall.
A puff of flame appears from out of thin air!
The puff of flame hits you.
* * * LOW HITPOINT WARNING * * *
You bump into the rock wall.
You bump into the rock wall.
Something hits you!
You die...

####### .!....# ####### .%....#
#######.....#
......#############...........#
......'.........@.'.....÷.....#
......#############..÷..÷.....#
......# ####'##.....# #######
#.##.....# #.######## #.# #^#
###'##### #.......#


There were no monsters in sight!

Vanquished Creatures
  An ooze (D:2)
  2 worms (D:2)
  A dart slug (D:1)
  4 leopard geckos
  A ball python (D:1)
  8 bats
  5 hobgoblins
  4 jackals (D:1)
  5 kobolds
  2 frilled lizards (D:2)
  4 goblins
  6 rats
43 creatures vanquished.

Notes
Turn   | Place    | Note
-------+----------+-------------------------------------------
     0 | D:1      | Fang the Gargoyle Fighter began the quest for the Orb.
     0 | D:1      | Reached XP level 1. HP: 14/14 MP: 1/1
   157 | D:1      | Reached XP level 2. HP: 19/19 MP: 2/2
   359 | D:1      | Reached XP level 3. HP: 20/23 MP: 3/3
  1012 | D:2      | Reached XP level 4. HP: 29/29 MP: 4/4
  1057 | D:2      | Noticed Sigmund
  1087 | D:2      | Slain by Sigmund

Levels and vault maps discovered:
D:1:      psy_arrival_terrarium, layout_loops_ring
D:2:      layout_basic, uniq_sigmund

Skill      XL: |  1 |
---------------+----+-----
Axes           | 2 |  2.4
Fighting       | |  3.9
Armour         | |  3.8
Shields        | |  3.8

Action                   |  1- 3 |  4- 6 || total
-------------------------+-------+-------++-------
Melee: War axe           |   143 |    16 ||   159
  Eat: Chunk             |     1 |       ||     1
Armor: Scale mail        |    89 |     9 ||    98
Dodge: Dodged            |    48 |     4 ||    52
Block: Shield            |    98 |    10 ||   108
